 Dungeon Crawl Stone Soup version 0.28.0-45-g0d030f2227 (webtiles) character file.

Game seed: 11378773065303445462

212 thiscave3701365 the Chopper (level 5, 0/48 HPs)
             Began as a Hill Orc Berserker on Apr 12, 2022.
             Was a Believer of Trog.
             Succumbed to a goblin's poison
             ... on level 2 of the Dungeon.
             The game lasted 00:02:55 (3087 turns).

thiscave3701365 the Chopper (Hill Orc Berserker)    Turns: 3087, Time: 00:02:55

Health: 0/48       AC:  9    Str: 22    XL:     5   Next: 89%
Magic:  5/5        EV:  8    Int:  7    God:    Trog [**....]
Gold:   107        SH:  0    Dex: 10    Spells: 4/4 levels left

rFire   . . .      SeeInvis .   a - +0 hand axe
rCold   . . .      Faith    .   (no shield)
rNeg    . . .      Spirit   .   f - +0 chain mail
rPois   .          Reflect  .   (no helmet)
rElec   .          Harm     .   (no cloak)
rCorr   .          Rampage  .   (no gloves)
Will    .....                   (no boots)
Stlth   ..........              (no amulet)
HPRegen 0.16/turn               (no ring)
MPRegen 0.09/turn               (no ring)

@: lethally poisoned (0 -> -8), on berserk cooldown, slowed, very slow
A: no striking features
a: Renounce Religion, Berserk, Trog's Hand


You were on level 2 of the Dungeon.
You worshipped Trog.
Trog was pleased with you.
You visited 1 branch of the dungeon, and saw 3 of its levels.

You collected 107 gold pieces.

Inventory:

Hand Weapons
 a - a +0 hand axe (weapon)
Armour
 f - a +0 chain mail (worn)
Jewellery
 j - a +6 ring of intelligence
Scrolls
 b - a scroll of identify {unknown}
 c - a scroll of enchant weapon {unknown}
 d - a scroll of teleportation {unknown}
 e - a scroll of vulnerability {unknown}
 h - 4 scrolls of fog {unknown}
Potions
 g - a potion of brilliance {unknown}
 i - a potion of might {unknown}


   Skills:
 + Level 5.3 Fighting
 + Level 5.8 Axes
 + Level 4.0 Armour
 - Level 1.5 Dodging


You had 4 spell levels left.
You didn't know any spells.
Your spell library was empty.

Dungeon Overview and Level Annotations

Branches:
Dungeon (3/15)

Altars:

Annotations:
D:3 Grinder


Message History

The goblin hits you with a +0 dagger.
Grinder blinks!
The goblin completely misses you.
The goblin hits you but does no damage. x3
Grinder gestures at you.
You shrug off the repeated paralysis!
The goblin hits you but does no damage.
You are poisoned.
You are no longer berserk.
You feel yourself slow down.
You feel sick.
The hobgoblin hits you but does no damage.
The goblin hits you but does no damage. x2
You are more poisoned.
You feel very sick.
The hobgoblin hits you but does no damage.
The goblin hits you but does no damage. Grinder hits you but does no damage.
The goblin hits you with a +1 dagger of venom.
You are more poisoned.
You feel very sick. Grinder gestures at you.
You barely resist.
The hobgoblin hits you but does no damage.
The goblin hits you with a +0 dagger. x2
The goblin hits you but does no damage.
You are more poisoned.
Grinder blinks!
You can move again.
You feel extremely sick. The hobgoblin closely misses you.
The goblin completely misses you.
Items here: ! )) [[ †.
You feel very sick.
There is a stone staircase leading up here.
You feel very sick. Grinder gestures at you. Pain shoots through your body!
* * * LOW HITPOINT WARNING * * *
The hobgoblin hits you but does no damage.
The goblin hits you but does no damage.
The hobgoblin hits you but does no damage.
The goblin barely misses you.
You climb upwards.
You die...

#######..................##.#
############..............##.....
....................###....##....
..........###..............##....
########### #.......###....###...
##.....## ###### #... ##.....##
#... #...)...# ####
#...@...###### #...gg.......#
######...........#
###†)..............#
#######...##########.....#
........### ####### #########


You could see a hobgoblin and a goblin.

Vanquished Creatures
  An orc priest (D:3)
  Jessica (D:3)
  Robin (D:3)
  4 gnolls (D:2)
  4 adders
  A worm (D:2)
  A dart slug (D:1)
  8 orcs (D:3)
  4 ball pythons (D:1)
  3 bats
  5 endoplasms
  A giant cockroach (D:2)
  9 goblins
  6 hobgoblins
  8 kobolds
  2 quokkas
  2 frilled lizards (D:2)
  A rat (D:1)
62 creatures vanquished.

Notes
Turn   | Place    | Note
-------+----------+-------------------------------------------
     0 | D:1      | thiscave3701365 the Hill Orc Berserker began the quest for
                  | the Orb.
     0 | D:1      | Reached XP level 1. HP: 19/19 MP: 1/1
   242 | D:1      | Reached XP level 2. HP: 21/27 MP: 2/2
  1207 | D:2      | Reached XP level 3. HP: 32/33 MP: 3/3
  1424 | D:2      | Reached skill level 5 in Axes
  1424 | D:2      | Reached XP level 4. HP: 34/41 MP: 4/4
  1830 | D:2      | Reached ** piety under Trog
  2268 | D:3      | Reached XP level 5. HP: 35/47 MP: 5/5
  2492 | D:3      | Noticed Jessica
  2495 | D:3      | Reached skill level 5 in Fighting
  2502 | D:3      | Killed Jessica
  2665 | D:3      | Noticed Robin
  3071 | D:3      | Killed Robin
  3073 | D:3      | Noticed Grinder
  3077 | D:3      | Paralysed by Grinder for 6 turns
  3087 | D:2      | Succumbed to a goblin's poison

Illustrated notes

Levels and vault maps discovered:
D:1:      psy_arrival_heroes, layout_loops_ring
D:2:      layout_rooms, nicolae_elevator_lobby_asterisk
D:3:      layout_loops_cross, general_overflow_altar, uniq_grinder,
          uniq_jessica, uniq_robin

Skill      XL: |  1  2  3  4  5 |
---------------+----------------+-----
Fighting       | 4 5 |  5.3
Armour         | 3 4 |  4.0
Axes           | 5 |  5.8
Dodging        | |  1.5

Action                   |  1- 3 |  4- 6 || total
-------------------------+-------+-------++-------
Melee: Hand axe          |    67 |   116 ||   183
       Punch             |     1 |     1 ||     2
Invok: Berserk           |     4 |     4 ||     8
Armor: Animal skin       |    14 |       ||    14
       Chain mail        |     2 |    81 ||    83
Dodge: Dodged            |    50 |    39 ||    89
